 Dungeon Crawl Stone Soup version 0.31-a0-702-gf82c85558f (webtiles) character file.

Game seed: 12252135902359740810

123 qw the Shooter (level 5, 0/32 HPs)
             Began as a Gargoyle Hunter on Sept 8, 2023.
             Slain by a worm (6 damage)
             ... on level 3 of the Dungeon.
             The game lasted 00:00:48 (2188 turns).

qw the Shooter (Gargoyle Hunter)                    Turns: 2188, Time: 00:00:48

Health: 0/32       AC:  9    Str: 14    XL:     5   Next: 7%
Magic:  5/5        EV: 10    Int: 10    God:
Gold:   48         SH:  0    Dex: 15    Spells: 4/4 levels left

rFire   . . .        Y - +0 shortbow
rCold   . . .        (shield currently unavailable)
rNeg    + . .        f - +0 ring mail
rPois   inf          (no helmet)
rElec   +            (no cloak)
rCorr   .            (no gloves)
SInv    .            (no boots)
Will    .....        (no amulet)
Stlth   +            (no ring)
HPRegen 0.25/turn    (no ring)
MPRegen 0.09/turn

%: no passive effects
@: about to teleport
A: sickness immunity, AC +4, negative energy resistance 1, electricity
resistance, torment resistance 1, petrification resistance
a: no special abilities


You were on level 3 of the Dungeon.
You visited 1 branch of the dungeon, and saw 3 of its levels.

You collected 220 gold pieces.
You spent 172 gold pieces at shops.


Innate Abilities, Weirdness & Mutations

You are immune to sickness and miasma.
Your stone body is resilient. (AC +4)
You are immune to poison.
You resist negative energy. (rN+)
You are resistant to electric shocks. (rElec)
You are resistant to unholy torment.
You are immune to petrification.


   Skills:
 - Level 3.0 Fighting
 + Level 5.7 Ranged Weapons
 - Level 1.1 Armour
 - Level 1.5 Dodging
 - Level 1.1 Stealth


You had 4 spell levels left.
You didn't know any spells.
Your spell library was empty.

Inventory:

Hand Weapons
 Y - a +0 shortbow (weapon)
Armour
 f - a +0 ring mail (worn)
 j - a +0 cloak
Scrolls
 a - a scroll of identify
 c - a scroll of fear {unknown}
Potions
 b - 2 potions of lignification {unknown}
 d - 2 potions of heal wounds
 e - a potion of degeneration {unknown}
 g - 2 potions of curing
 i - a potion of magic {unknown}

Dungeon Overview and Level Annotations

Branches:
Dungeon (3/15)

Altars:
Vehumet

Shops:
D:2 ?   D:3 [


Message History

The gnoll is severely wounded.
The gnoll hits you but does no damage.
You shoot an arrow. The arrow barely misses the gnoll.
The gnoll hits you from afar with a +0 halberd.
You shoot an arrow. The arrow barely misses the gnoll.
The gnoll hits you from afar with a +0 halberd.
The gnoll barely misses you.
You shoot an arrow. The arrow hits the gnoll!
You kill the gnoll!
You have reached level 5!
You start resting.
A worm comes into view.
You shoot an arrow. The arrow hits the worm!
The worm is heavily wounded.
You start resting.
A gnoll comes into view. It is wielding a +5 spear.
You shoot an arrow. The arrow hits the gnoll.
The gnoll is moderately wounded.
You shoot an arrow. The arrow hits the worm.
The worm is heavily wounded.
You shoot an arrow. The arrow barely misses the worm.
You shoot an arrow. The arrow hits the worm.
The worm is heavily wounded.
You shoot an arrow. The arrow barely misses the worm.
You shoot an arrow. The arrow hits the worm!
The worm is almost dead.
You shoot an arrow. The arrow barely misses the worm.
The gnoll closely misses you. The worm bites you but does no damage.
You shoot an arrow. The arrow completely misses the worm.
The gnoll hits you from afar with a +5 spear!
The worm bites you but does no damage.
The gnoll hits you from afar with a +5 spear!
You shoot an arrow. The arrow hits the worm.
The worm is almost dead.
The gnoll hits you from afar with a +5 spear.
2188 ||| READING scroll of teleportation.
As you read the scroll of teleportation, it crumbles to dust.
You feel strangely unstable. The worm bites you.
You die...

.....#.).%....####.####.
##..###.####.)..........
#...# #..##...####.
##.#.# #..##.### #.###
#..##.#
###.########..##.#
.................######.#
#######.####..##.wg......
...<... .....##@####....
......# ### #)# . #####.#
#).?....g # ..$...... #
..#####... # ... .. .
.... # ##.## ##


You could see a worm and a gnoll.

Vanquished Creatures
  Ijyb (D:3)
  3 gnolls (D:3)
  2 adders
  3 worms (D:2)
  A dart slug (D:3)
  A bat (D:3)
  2 endoplasms (D:1)
  2 giant cockroaches (D:2)
  2 goblins
  5 hobgoblins
  3 jackals (D:1)
  2 quokkas (D:1)
  2 ball pythons
  A frilled lizard (D:1)
  3 kobolds
  11 rats
44 creatures vanquished.

Notes
Turn   | Place    | Note
-------+----------+-------------------------------------------
     0 | D:1      | qw the Gargoyle Hunter began the quest for the Orb.
     0 | D:1      | Reached XP level 1. HP: 12/12 MP: 1/1
     0 | D:1      | 0 ||| qw: Version: 0.3-a-76-g4403597
     0 | D:1      | 0 ||| qw: Game counter: 951
     0 | D:1      | 0 ||| qw: Melee chars always use a shield: true
     0 | D:1      | 0 ||| qw: God list: Okawaru
     0 | D:1      | 0 ||| qw: Allow faded altars: false
     0 | D:1      | 0 ||| qw: Do Orc after clearing Dungeon:15 true
     0 | D:1      | 0 ||| qw: Do second Lair branch before Depths: true
     0 | D:1      | 0 ||| qw: Lair rune preference: random
     0 | D:1      | 0 ||| qw: Goals: Normal
     0 | D:1      | 0 ||| PLANNING D:1-11
   229 | D:1      | Reached XP level 2. HP: 15/17 MP: 2/2
   240 | D:1      | HP: 4/17 [quokka (1)]
   585 | D:1      | 585 ||| UPGRADING to +0 ring mail.
   595 | D:1      | 595 ||| DROPPING +0 leather armour.
   596 | D:1      | 596 ||| READING 2 scrolls labelled NIPPUOM NUHEU.
   597 | D:1      | 597 ||| DRINKING 3 fuming yellow potions.
   701 | D:1      | 701 ||| DRINKING 2 pink potions.
   702 | D:1      | 702 ||| DROPPING scroll of butterflies.
   703 | D:1      | 703 ||| DROPPING 2 potions of berserk rage.
   727 | D:2      | 727 ||| STAIRDANCE
   774 | D:2      | 774 ||| STAIRDANCE
   829 | D:2      | Reached skill level 1 in Armour
   874 | D:2      | HP: 2/17 [worm (7)]
   880 | D:2      | Reached XP level 3. HP: 5/21 MP: 3/3
  1029 | D:2      | Identified the +7 whip "Xoinor" {heavy, rElec Will+ Str+3
                  | Int+3}
  1273 | D:2      | Reached skill level 5 in Ranged Weapons
  1445 | D:2      | Found Foraal's Magic Scroll Emporium.
  1448 | D:2      | 1448 ||| SHOPLISTING scroll of enchant armour (90 gold,
                  | have 83).
  1448 | D:2      | 1448 ||| BUYING scroll of identify (24 gold).
  1448 | D:2      | Bought a scroll of identify for 24 gold pieces
  1448 | D:2      | 1448 ||| BUYING scroll of teleportation (36 gold).
  1448 | D:2      | Bought a scroll of teleportation for 36 gold pieces
  1448 | D:2      | 1448 ||| SHOPLISTING scroll of teleportation (36 gold, have
                  | 23).
  1717 | D:2      | 1717 ||| DROPPING +6 ring of intelligence.
  1718 | D:2      | 1718 ||| READING scroll labelled CASHRO MUOWAM.
  1719 | D:2      | 1719 ||| READING 2 scrolls of identify.
  1719 | D:2      | 1719 ||| IDENTIFYING sapphire potion
  1769 | D:3      | Found a radiant altar of Vehumet.
  1788 | D:3      | Reached XP level 4. HP: 27/27 MP: 4/4
  1924 | D:3      | Reached skill level 3 in Fighting
  1961 | D:3      | Found Gamo's Antique Armour Shoppe.
  1967 | D:3      | 1967 ||| BUYING cloak (112 gold).
  1967 | D:3      | Bought a cloak for 112 gold pieces
  1967 | D:3      | 1967 ||| SHOPLISTING embroidered robe (92 gold, have 39).
  1967 | D:3      | 1967 ||| SHOPLISTING glowing helmet (187 gold, have 39).
  2063 | D:3      | Noticed Ijyb
  2064 | D:3      | Paralysed by Ijyb for 4 turns
  2071 | D:3      | Paralysed by Ijyb for 2 turns
  2077 | D:3      | Paralysed by Ijyb for 4 turns
  2092 | D:3      | Killed Ijyb
  2165 | D:3      | 2165 ||| Stepping ~*~*~tactically~*~*~ (retreating).
  2173 | D:3      | Reached XP level 5. HP: 29/32 MP: 5/5
  2187 | D:3      | HP: 6/32 [gnoll/+5 spear (4)]
  2188 | D:3      | 2188 ||| READING scroll of teleportation.
  2188 | D:3      | Slain by a worm

Levels and vault maps discovered:
D:1:      scummos_arrival_simple_crosswalls, layout_loops_cross
D:2:      layout_loops_ring, serial_shops, nicolae_shop_rolled_up,
          grunt_ministairs_13, minmay_misc_feat_roman,
          amcnicky_mini_rare_corridor_liquid, chequers_jeans, kennysheep_path_1,
          minmay_heptomino_l4
D:3:      layout_loops_ring, amcnicky_altar_gilded,
          chequers_ecumenical_altar_twisty, serial_shops, shop,
          kennysheep_generic_room_8, uniq_ijyb

Skill      XL: |  1  2  3  4 |
---------------+-------------+-----
Armour         | 1 |  1.1
Ranged Weapons | 5 |  5.7
Fighting       | 3 |  3.0
Dodging        | |  1.5
Stealth        | |  1.1

Action                     |  1- 3 |  4- 6 || total
---------------------------+-------+-------++-------
   Fire: Shortbow          |   124 |    69 ||   193
    Use: Potion            |     2 |       ||     2
         Scroll            |     3 |     1 ||     4
 Armour: Leather armour    |    17 |       ||    17
         Ring mail         |    30 |    45 ||    75
  Dodge: Dodged            |    47 |    29 ||    76

Table legend:
 A = Non-vault XP
 B = Vault XP
 C = Vault XP percentage of total XP
 D = Non-vault monster count
 E = Vault monster count
 F = Vault count percentage of total count
                 A         B        C        D         E       F
            +---------+---------+-------+---------+---------+-------
      Total |     126 |      50 |  28.4 |      38 |       6 |  13.6
            +---------+---------+-------+---------+---------+-------
        D:1 |      21 |       3 |  12.5 |      13 |       2 |  13.3
        D:2 |      36 |       9 |  20.0 |      13 |       3 |  18.8
        D:3 |      69 |      38 |  35.5 |      12 |       1 |   7.7
            +---------+---------+-------+---------+---------+-------
